 Dungeon Crawl Stone Soup version 0.19-a0-1041-g82b1012 (webtiles) character file.

3115 poirepourri the Thaumaturge (level 9, -6/45 HPs)
             Began as a Gargoyle Earth Elementalist on July 30, 2016.
             Was a Priest of Vehumet.
             Mangled by a wasp (9 damage)
             ... on level 9 of the Dungeon.
             The game lasted 00:17:18 (10906 turns).

poirepourri the Thaumaturge (GrEE)                 Turns: 10906, Time: 00:17:19

Health: -6/45      AC:  9    Str: 13    XL:     9   Next: 91%
Magic:  22/23      EV:  7    Int: 18    God:    Vehumet [***...]
Gold:   487        SH:  0    Dex: 10    Spells: 7 memorised, 10 levels left

rFire  . . .     SeeInvis .     a - 61 stones
rCold  . . .     Gourm    .     c - +0 robe
rNeg   + . .     Faith    .     (no shield)
rPois  ∞         Spirit   .     (no helmet)
rElec  +         Dismiss  .     (no cloak)
rCorr  .         Reflect  .     B - +1 pair of gloves
SustAt .         Harm     .     (no boots)
MR     .....                    (no amulet)
Stlth  +++.......               (no ring)
                                (no ring)

@: not resistant to hostile enchantments, fairly stealthy
A: camouflage 1, negative energy resistance 1, electricity resistance,
unbreathing, petrification resistance, rot immunity, sturdy frame 1, AC +5
a: Renounce Religion


You were on level 9 of the Dungeon.
You worshipped Vehumet.
Vehumet was most pleased with you.
You were not hungry.

You visited 1 branch of the dungeon, and saw 9 of its levels.

You collected 487 gold pieces.

Inventory:

Hand Weapons
 l - a +1 short sword of draining
Missiles
 a - 61 stones (in hand)
Armour
 c - a +0 robe (worn)
 B - a +1 pair of gloves (worn)
Jewellery
 j - an uncursed amulet of dismissal {unknown}
 s - an uncursed amulet of magic regeneration {unknown}
 D - an uncursed amulet of guardian spirit {unknown}
Wands
 p - a wand of iceblast (15/15)
 q - a wand of teleportation (4/9)
 r - a wand of flame (20/48)
 v - a wand of random effects (25/48)
 x - a wand of random effects (11/48)
 G - a wand of disintegration (10/24)
Scrolls
 h - a scroll of amnesia
 n - a scroll of fear
 t - 2 scrolls of remove curse
 w - a scroll of teleportation
 y - 3 scrolls of blinking
Potions
 b - 2 potions of curing
 d - 2 potions of cancellation
 f - 5 potions of heal wounds
 g - 3 potions of agility
 i - a potion of brilliance
 m - 2 potions of berserk rage
 u - a potion of resistance {unknown}
 E - a potion of degeneration {unknown}
 J - a potion of ambrosia {unknown}
Books
 e - a book of Geomancy

   Spells                             Type                      Level
   a - Sandblast                      Earth                        1
   b - Passwall                       Transmutation/Earth          2
   c - Stone Arrow                    Conjuration/Earth            3
   d - Petrify                        Transmutation/Earth          4
   e - Lee's Rapid Deconstruction     Earth                        5
 o - a book of Frost

   Spells                             Type                      Level
   a - Freeze                         Ice                          1
   b - Throw Frost                    Conjuration/Ice              2
   c - Ozocubu's Armour               Charms/Ice                   3
   d - Throw Icicle                   Conjuration/Ice              4
   e - Summon Ice Beast               Ice/Summoning                4
 z - a book of Flames

   Spells                             Type                      Level
   a - Flame Tongue                   Conjuration/Fire             1
   b - Throw Flame                    Conjuration/Fire             2
   c - Conjure Flame                  Conjuration/Fire             3
   d - Inner Flame                    Hexes/Fire                   3
   e - Sticky Flame                   Conjuration/Fire             4
   f - Fireball                       Conjuration/Fire             5
 C - a book of Dreams

   Spells                             Type                      Level
   a - Ensorcelled Hibernation        Hexes/Ice                    2
   b - Silence                        Hexes/Air                    5
   c - Darkness                       Hexes                        6
   d - Shadow Creatures               Summoning                    6
 F - a book of Cantrips

   Spells                             Type                      Level
   a - Confusing Touch                Hexes                        1
   b - Animate Skeleton               Necromancy                   1
   c - Summon Small Mammal            Summoning                    1
   d - Apportation                    Translocation                1
Comestibles
 A - 5 bread rations


   Skills:
 - Level 1.5 Dodging
 - Level 2.1 Stealth
 * Level 10.1 Spellcasting
 + Level 2.5 Conjurations
 + Level 0.7 Transmutations
 + Level 9.9 Earth Magic


You had 10 spell levels left.
You knew the following spells:

 Your Spells              Type           Power        Failure   Level  Hunger
a - Sandblast             Erth           #####.       1%          1    None
b - Passwall              Tmut/Erth      ####......   1%          2    None
c - Stone Arrow           Conj/Erth      ####..       1%          3    None
d - Petrify               Tmut/Erth      ####....     12%         4    ###....
e - Flame Tongue          Conj/Fire      ##...        1%          1    None
f - Throw Flame           Conj/Fire      ##....       2%          2    None
g - Lee's Rapid Deconstr  Erth           #####.....   1%          5    #####..


Dungeon Overview and Level Annotations

Branches:
Dungeon (9/15)             Temple (0/1) D:4
   Lair: D:8-11         Orc: D:9-12

Altars:
Kikubaaqudgha
Nemelex Xobeh
Qazlal
Sif Muna
Uskayaw
Vehumet
Yredelemnul

Annotations:
D:9 Prince Ribbit


Innate Abilities, Weirdness & Mutations

You are resistant to torment.
Your stone body is resilient. (AC +5)
You are immune to poison.
You resist negative energy. (rN+)
You are resistant to electric shocks. (rElec)
You can survive without breathing.
You are immune to petrification.
You are immune to rotting.
Your skin changes colour to match your surroundings (Stealth+).
Your movements are slightly less encumbered by armour. (ER -2)


Message History

Aim: an adder The rocky blast hits the adder.
You kill the adder!
Vehumet accepts your kill.
You feel your power returning. Prince Ribbit hits you! The wasp misses you.
Prince Ribbit misses you.
Casting: Sandblast
Confirm with . or Enter, or press ? or * to list all spells.
Aiming: Sandblast
Press: ? - help, Shift-Dir - straight line, f - wasp
Aim: a wasp The rocky blast hits the wasp.
The wasp is lightly wounded.
The wasp closely misses you.
Prince Ribbit hits you but does no damage.
The wasp closely misses you. Prince Ribbit hits you!
* * * LOW HITPOINT WARNING * * *
The wasp stings you!
You die...

##....###
#.......##
...$.....##
..........##
...........#
......†....#
........y..#
.......@...#
........F....#
............##
............#
............#
............#
...........##
..........##


You could see Prince Ribbit and a wasp.

Vanquished Creatures
  A spriggan (D:8)
  2 orc warriors
  2 sky beasts
  An eye of draining (D:5)
  A phantom (D:4)
  2 ice beasts
  2 ogres
  A centaur (D:5)
  3 big kobolds (D:7)
  4 giant frogs
  A water moccasin skeleton (D:7)
  2 scorpions
  2 vampire bats (D:6)
  3 howler monkeys
  3 crimson imps
  A giant frog zombie (D:6)
  2 orc priests
  3 jellies
  A centaur skeleton (D:5)
  A hound (D:5)
  Jessica (D:2)
  A giant frog skeleton (D:5)
  3 iguanas
  Natasha (thrice) (D:4)
  2 orc wizards
  7 worker ants
  2 hound skeletons
  A worker ant zombie (D:5)
  Robin (D:2)
  14 adders
  7 gnolls
  2 shadow imps
  An ooze (D:4)
  2 adder skeletons
  2 worms (D:2)
  5 dart slugs
  9 giant geckos
  18 orcs
  2 bat skeletons (D:6)
  3 bat zombies (D:6)
  5 giant cockroaches
  2 gnoll zombies (D:2)
  17 goblins
  8 hobgoblins
  8 jackals
  5 quokkas
  A ball python zombie (D:5)
  4 bats
  3 giant newts
  22 kobolds
  6 rats
205 creatures vanquished.

Vanquished Creatures (others)
  An adder skeleton (D:6)
1 creature vanquished.

Grand Total: 206 creatures vanquished

Notes
Turn   | Place    | Note
-------+----------+-------------------------------------------
     0 | D:1      | poirepourri the Gargoyle Earth Elementalist began the quest for the Orb.
     0 | D:1      | Reached XP level 1. HP: 10/10 MP: 3/3
   363 | D:1      | Reached XP level 2. HP: 15/15 MP: 3/5
  1066 | D:1      | Learned a level 2 spell: Passwall
  1118 | D:1      | Reached XP level 3. HP: 19/19 MP: 4/7
  1689 | D:2      | Reached skill level 3 in Spellcasting
  1789 | D:2      | Learned a level 3 spell: Stone Arrow
  1873 | D:2      | Noticed Robin
  1994 | D:2      | Found a faded altar of an unknown god.
  2076 | D:2      | Reached XP level 4. HP: 24/24 MP: 0/9
  2362 | D:2      | Found a deep blue altar of Sif Muna.
  2798 | D:2      | Reached skill level 4 in Spellcasting
  2798 | D:2      | Reached XP level 5. HP: 28/28 MP: 4/11
  2976 | D:2      | Noticed Jessica
  2980 | D:2      | Killed Jessica
  2980 | D:2      | Reached skill level 5 in Earth Magic
  3075 | D:2      | Found a basalt altar of Yredelemnul.
  3346 | D:2      | Found a radiant altar of Vehumet.
  3355 | D:2      | Became a worshipper of Vehumet
  3419 | D:2      | Killed Robin
  3794 | D:3      | Reached XP level 6. HP: 29/32 MP: 3/13
  3800 | D:3      | Learned a level 4 spell: Petrify
  4625 | D:4      | Reached * piety under Vehumet
  4625 | D:4      | Offered knowledge of Flame Tongue by Vehumet.
  4625 | D:4      | Reached skill level 5 in Spellcasting
  4628 | D:4      | Learned a level 1 spell: Flame Tongue
  4718 | D:4      | Noticed Natasha
  4722 | D:4      | Killed Natasha
  4843 | D:4      | Noticed Natasha
  4848 | D:4      | Killed Natasha
  5181 | D:4      | Found a staircase to the Ecumenical Temple.
  5244 | D:4      | Reached XP level 7. HP: 32/36 MP: 8/15
  5684 | D:4      | Noticed Natasha
  5691 | D:4      | Killed Natasha
  5691 | D:4      | Reached skill level 6 in Spellcasting
  5905 | D:5      | Entered Level 5 of the Dungeon
  6231 | D:5      | Found a stormy altar of Qazlal.
  6232 | D:5      | Noticed a water elemental
  6232 | D:5      | Noticed an air elemental
  6232 | D:5      | Noticed a fire elemental
  6276 | D:5      | Reached ** piety under Vehumet
  6276 | D:5      | Offered knowledge of Throw Flame by Vehumet.
  6280 | D:5      | Learned a level 2 spell: Throw Flame
  6304 | D:5      | Reached XP level 8. HP: 38/41 MP: 3/18
  6337 | D:5      | Reached skill level 1 in Conjurations
  6499 | D:5      | Reached skill level 7 in Spellcasting
  7404 | D:5      | Learned a level 5 spell: Lee's Rapid Deconstruction
  7637 | D:6      | Reached skill level 8 in Spellcasting
  7834 | D:6      | Offered knowledge of Static Discharge by Vehumet.
  8232 | D:6      | Reached XP level 9. HP: 45/45 MP: 19/21
  8595 | D:6      | Found an ancient bone altar of Kikubaaqudgha.
  8602 | D:6      | Reached *** piety under Vehumet
  8771 | D:7      | Reached skill level 9 in Spellcasting
  9631 | D:7      | Offered knowledge of Iskenderun's Mystic Blast by Vehumet.
 10011 | D:8      | Found a hide-covered altar of Uskayaw.
 10182 | D:8      | Found a sparkling altar of Nemelex Xobeh.
 10327 | D:8      | Reached skill level 10 in Spellcasting
 10899 | D:8      | Gained mutation: Your skin changes colour to match your surroundings (Stealth+). [potion of beneficial mutation]
 10900 | D:8      | Gained mutation: Your movements are slightly less encumbered by armour. (ER -2) [potion of beneficial mutation]
 10903 | D:9      | Noticed Prince Ribbit
 10906 | D:9      | Mangled by a wasp

Vault maps used:
D:1:      lemuel_arrival_cross
D:2:      lemuel_zombie_altar_yredelemnul, lemuel_round_altar,
          lemuel_coloured_pillars_altar, first_bread, ecumenical_altar_1,
          uniq_robin, uniq_jessica
D:4:      uniq_natasha
D:5:      nicolae_qazlal_style_of_elements
D:6:      kennysheep_vampire_church, lemuel_old_faithful
D:8:      nemelex_xobeh_ov_fountains_minmay, basic_altar, the_bakery
D:9:      marbit_many_paths, minmay_orc_entry_guard_dogs, uniq_prince_ribbit1

Skill      XL: |  1  2  3  4  5  6  7  8  9 |
---------------+----------------------------+-----
Earth Magic    | 4 5 7 8 9 |  9.9
Spellcasting   | 3 4 5 6 8 10 | 10.1
Conjurations   | 1 2 |  2.5
Dodging        | |  1.5
Stealth        | |  2.1
Transmutations | |  0.7

Action                   |  1- 3 |  4- 6 |  7- 9 || total
-------------------------+-------+-------+-------++-------
 Cast: Sandblast         |    65 |   125 |   164 ||   354
       Stone Arrow       |       |    10 |    58 ||    68
       Flame Tongue      |       |       |     1 ||     1
       Lee's Rapid Decon |       |       |     1 ||     1
Evoke: Wand              |       |       |     1 ||     1
  Use: Scroll            |     2 |     4 |    14 ||    20
       Potion            |       |       |     3 ||     3
  Eat: Bread ration      |     1 |     3 |     3 ||     7
       Beef jerky        |       |       |     2 ||     2
Armor: Robe              |     8 |    30 |    38 ||    76
Dodge: Dodged            |    15 |    38 |    97 ||   150
